 Dungeon Crawl Stone Soup version 0.20.0-4-g10b340a (webtiles) character file.

1180 nikopol the Chopper (level 8, 0/76 HPs)
             Began as a Gargoyle Berserker on May 27, 2017.
             Was a Priest of Trog.
             Engulfed by a steam dragon's steam (1 damage)
             ... on level 6 of the Dungeon.
             The game lasted 00:09:09 (5491 turns).

nikopol the Chopper (Gargoyle Berserker)            Turns: 5491, Time: 00:09:10

Health: 0/76       AC: 17    Str: 26    XL:     8   Next: 42%
Magic:  8/8        EV:  9    Int:  8    God:    Trog [***...]
Gold:   258        SH:  0    Dex: 11    Spells: 7/7 levels left

rFire    . . .     SeeInvis .   a - +0 war axe
rCold    . . .     Gourm    .   (no shield)
rNeg     + . .     Faith    .   m - +0 chain mail (curse)
rPois    ∞         Spirit   .   (no helmet)
rElec    +         Reflect  .   (no cloak)
rCorr    .         Harm     .   C - +1 pair of gloves
MR       .....                  (no boots)
Stlth    ..........             (no amulet)
Regen    0.3/turn               d - ring of stealth
MPRegen  0.2/turn               i - ring of flight

@: berserking, very quick
A: negative energy resistance 1, electricity resistance, unbreathing,
petrification resistance, rot immunity, AC +5
a: Berserk, Trog's Hand, Burn Spellbooks, Renounce Religion, Evoke Flight


You were on level 6 of the Dungeon.
You worshipped Trog.
Trog was most pleased with you.
You were hungry.

You visited 1 branch of the dungeon, and saw 6 of its levels.

You collected 258 gold pieces.

Inventory:

Hand Weapons
 a - a +0 war axe (weapon)
 t - a +0 hand axe
 B - a +0 dire flail of draining
Missiles
 w - 35 arrows
Armour
 b - a +0 animal skin
 f - a +0 chain mail
 m - a cursed +0 chain mail (worn)
 C - a +1 pair of gloves (worn)
Jewellery
 d - a ring of stealth (left hand)
 i - a ring of flight (right hand)
Wands
 y - a wand of acid (8/15)
Scrolls
 e - a scroll of enchant weapon {unknown}
 h - 3 scrolls of identify
 j - 2 scrolls of recharging {unknown}
 k - 4 scrolls of remove curse
 l - 2 scrolls of random uselessness {unknown}
 q - a scroll of amnesia {unknown}
Potions
 g - 6 potions of curing
 n - a potion of haste
 o - a potion of might {unknown}
 p - a potion of flight {unknown}
 u - 2 potions of heal wounds {unknown}
 v - a potion of mutation {unknown}
 x - a potion of agility {unknown}
Comestibles
 c - 6 bread rations
 r - a meat ration
 s - 3 fruits
 z - 2 royal jellies
 A - 3 chunks of flesh


   Skills:
 + Level 5.9 Fighting
 + Level 7.1 Axes
 + Level 5.2 Armour
 + Level 2.1 Dodging


You had 7 spell levels left.
You didn't know any spells.

Dungeon Overview and Level Annotations

Branches:
Dungeon (6/15)
 Temple: D:4-7

Altars:
Ashenzari
Gozag
Okawaru
Ru
Trog
Uskayaw
Zin


Innate Abilities, Weirdness & Mutations

You are resistant to torment.
Your stone body is resilient. (AC +5)
You are immune to poison.
You resist negative energy. (rN+)
You are resistant to electric shocks. (rElec)
You can survive without breathing.
You are immune to petrification.
You are immune to rotting.


Message History

The steam dragon is severely wounded.
The steam dragon bites you but does no damage.
The steam dragon claws you but does no damage.
You barely miss the steam dragon.
The steam dragon is severely wounded.
You are engulfed in a cloud of scalding steam.
The steam dragon barely misses you. The steam dragon closely misses you.
You closely miss the steam dragon.
The steam dragon is severely wounded.
The steam dragon breathes steam at you. The ball of steam hits you!
* * * LOW HITPOINT WARNING * * *
You hear an angry hiss.
You closely miss the steam dragon.
The steam dragon is severely wounded.
You are engulfed in a cloud of scalding steam.
Your chain mail prevents you from hitting the steam dragon.
The steam dragon is severely wounded.
You are engulfed in a cloud of scalding steam.
You die...

#.#######
#....<..#
#######.#
#.##
#..##
#@..#
##D##
#§D.#
#.§...#
#§§8§≈#
#D.§§§#
..≈§≈##
≈≈§####
####


You could see 2 steam dragons.

Vanquished Creatures
  A two-headed ogre (D:3)
  A scorpion (D:4)
  An orc priest (D:5)
  A centaur skeleton (D:4)
  2 iguanas
  An orc wizard (D:4)
  5 worker ants (D:4)
  7 gnolls
  3 adders
  A shadow imp (D:5)
  2 oozes (D:1)
  An adder skeleton (D:4)
  5 worms
  2 dart slugs
  2 leopard geckos
  13 orcs
  3 giant cockroaches
  13 goblins
  12 hobgoblins
  5 jackals
  7 kobolds
  A quokka (D:2)
  2 ball pythons
  6 bats
  9 frilled lizards
  A giant cockroach zombie (D:5)
  9 rats
116 creatures vanquished.

Notes
Turn   | Place    | Note
-------+----------+-------------------------------------------
     0 | D:1      | nikopol the Gargoyle Berserker began the quest for the Orb.
     0 | D:1      | Reached XP level 1. HP: 14/14 MP: 1/1
   116 | D:1      | Reached XP level 2. HP: 16/19 MP: 2/2
   206 | D:1      | Reached skill level 3 in Axes
   432 | D:1      | Reached XP level 3. HP: 20/24 MP: 3/3
   863 | D:1      | Reached ** piety under Trog
  1269 | D:2      | Reached XP level 4. HP: 21/29 MP: 4/4
  1857 | D:2      | Reached XP level 5. HP: 34/34 MP: 5/5
  1902 | D:2      | Reached skill level 4 in Axes
  2085 | D:3      | Found a hide-covered altar of Uskayaw.
  2097 | D:3      | Noticed a two-headed ogre
  2098 | D:3      | Found a glowing silver altar of Zin.
  2312 | D:3      | Reached *** piety under Trog
  2462 | D:3      | Found a sacrificial altar of Ru.
  3154 | D:4      | Reached XP level 6. HP: 40/40 MP: 6/6
  3161 | D:4      | Found an opulent altar of Gozag.
  3271 | D:4      | Found a shattered altar of Ashenzari.
  3271 | D:4      | Found a bloodstained altar of Trog.
  3495 | D:4      | Found an iron altar of Okawaru.
  3652 | D:4      | Reached skill level 5 in Fighting
  3674 | D:4      | Reached skill level 5 in Axes
  4009 | D:4      | Reached XP level 7. HP: 44/44 MP: 7/7
  4234 | D:5      | Entered Level 5 of the Dungeon
  5184 | D:3      | Killed a two-headed ogre
  5184 | D:3      | Reached skill level 7 in Axes
  5184 | D:3      | Reached skill level 5 in Armour
  5184 | D:3      | Reached XP level 8. HP: 22/51 MP: 8/8
  5489 | D:6      | HP: 1/76 [steam dragon/ball of steam (22)]
  5491 | D:6      | Engulfed by a steam dragon's steam

Skill      XL: |  1  2  3  4  5  6  7 |
---------------+----------------------+-----
Axes           | 3 4 5 7 |  7.1
Fighting       | 4 5 |  5.9
Armour         | 3 5 |  5.2
Dodging        | 2 |  2.1

Action                   |  1- 3 |  4- 6 |  7- 9 || total
-------------------------+-------+-------+-------++-------
Melee: Hand axe          |   146 |   140 |       ||   286
       War axe           |       |    81 |    63 ||   144
Invok: Burn Spellbooks   |     1 |     1 |       ||     2
       Berserk           |       |       |     3 ||     3
  Use: Scroll            |       |     4 |       ||     4
  Eat: Chunk             |     1 |     9 |     7 ||    17
Armor: Chain mail        |    96 |   149 |    37 ||   282
       Animal skin       |     1 |       |       ||     1
Dodge: Dodged            |    77 |    88 |    30 ||   195
